 Dungeon Crawl Stone Soup version 0.19.0-16-g73b5abf (webtiles) character file.

928 tv1990 the Bolt Thrower (level 8, 0/61 HPs)
             Began as a Formicid Arcane Marksman on Nov 10, 2016.
             Was an Initiate of Okawaru.
             Succumbed to Dowan's poison
             ... on level 5 of the Dungeon.
             The game lasted 00:19:47 (5333 turns).

tv1990 the Bolt Thrower (Formicid Arcane Marksman)  Turns: 5333, Time: 00:19:47

Health: 0/61       AC: 13    Str: 20    XL:     8   Next: 32%
Magic:  11/11      EV:  6    Int: 14    God:    Okawaru [......]
Gold:   210        SH:  0    Dex: 12    Spells: 0 memorised, 9 levels left

rFire  . . .     SeeInvis +     u - +0 trident
rCold  . . .     Gourm    .     p - +0 plate armour
rNeg   . . .     Faith    .     (no shield)
rPois  .         Spirit   .     (helmet unavailable)
rElec  .         Reflect  .     (no cloak)
rCorr  .         Harm     .     (no gloves)
MR     .....                    (no boots)
Stlth  ..........               (no amulet)
                                (no ring)
                                (no ring)

@: mighty, lethally poisoned (0 -> -3)
A: permanent stasis, dig shafts and tunnels, four strong arms, antennae 3, slimy
green scales 1, screaming 1, wild magic 1
a: Dig, Shaft Self, Renounce Religion


You were on level 5 of the Dungeon.
You worshipped Okawaru.
Okawaru was noncommittal.
You were hungry.

You visited 1 branch of the dungeon, and saw 5 of its levels.

You collected 210 gold pieces.

Inventory:

Hand Weapons
 a - a +0 hand crossbow
 h - a +0 whip
 n - a +0 flail
 u - a +0 trident (weapon)
Missiles
 j - 7 bolts
Armour
 b - a +0 leather armour
 e - a +0 robe
 g - a +0 ring mail
 p - a +0 plate armour (worn)
Wands
 l - a wand of teleportation (6/9)
Scrolls
 i - a scroll of random uselessness
 k - 3 scrolls of remove curse
 r - a scroll of teleportation
Potions
 m - a potion of might
Books
 c - a book of Debilitation

   Spells                             Type                      Level
   a - Corona                         Hexes                        1
   b - Slow                           Hexes                        2
   c - Gell's Gravitas                Hexes/Translocation          3
   d - Inner Flame                    Hexes/Fire                   3
   e - Cause Fear                     Hexes                        4
   f - Leda's Liquefaction            Hexes/Earth                  4
Comestibles
 f - 3 bread rations
 t - a royal jelly


   Skills:
 - Level 4.5 Fighting
 - Level 5.8 Crossbows
 - Level 4.0 Armour
 - Level 1.7 Dodging
 - Level 1.1 Spellcasting
   Level 3.6 Hexes
 + Level 4.8 Invocations


You had 9 spell levels left.
You didn't know any spells.

Dungeon Overview and Level Annotations

Branches:
Dungeon (5/15)             Temple (0/1) D:5

Altars:
Okawaru
Trog

Shops:
D:4 =

Annotations:
D:3 Leybi's ghost, amateur MfSk


Innate Abilities, Weirdness & Mutations

You are under a permanent stasis effect.
You can dig through walls and to a lower floor.
Your four strong arms can wield two-handed weapons with a shield.
You have a pair of large antennae on your head. (SInv)
You are partially covered in slimy green scales. (AC +2)
You occasionally shout uncontrollably at your foes.
Your spells are a little harder to cast, but a little more powerful.


Message History

You feel sick. The hound bites you.
* * * LOW HITPOINT WARNING * * *
The hound bites you but does no damage.
You completely miss the hound.
The hound is lightly wounded.
* * * LOW HITPOINT WARNING * * *
You feel sick.
The hound bites you but does no damage. x2
An orc comes into view. It is wielding a club.
You shout at the orc!
You closely miss the hound.
The hound is lightly wounded.
The orc shouts!
The hound bites you but does no damage. The hound barely misses you.
You completely miss the hound.
The hound is lightly wounded.
* * * LOW HITPOINT WARNING * * *
You feel sick.
The hound bites you but does no damage. x2
Your plate armour prevents you from hitting the hound.
The hound is lightly wounded.
You die...

*,,,,,**,* ***** *,******,***
*,,,* *,,,,,**,,,*
*,#.#*********
*,,**,****,####,#.#*,,,,,,,,
*,,,*,* *<#..,,#.#*,>,,,,,,
**,,#.######.####.#*,,,,,,,,
***,#$.........##.##,,,,,,,,
*,,,...o..o........,,,,,,,,,
*,*******##@#.....##,,,,,{,,
***+** #h##.###..##*******
*,,,,****
##.#.,,,,+,,,..........%.....,,
***,,,,,***,###.##.....###..,,
*,,,,,*,,,* #.###.######.,,,
*,,,,,,,,** #.#..........,,,


You could see a hound and 2 orcs.

Vanquished Creatures
  Sigmund (D:3)
  Duvessa (D:5)
  A phantom (D:4)
  A centaur (D:5)
  Dowan (D:5)
  A quasit (D:4)
  2 orc priests (D:4)
  Terence (D:2)
  An orc wizard (D:4)
  2 worker ants (D:4)
  A hound zombie (D:5)
  9 adders
  2 river rats (D:4)
  A shadow imp (D:4)
  3 worms
  2 dart slugs (D:1)
  4 leopard geckos
  21 orcs
  7 bats
  4 giant cockroaches
  5 goblins
  9 hobgoblins
  9 jackals
  3 quokkas
  A ball python (D:1)
  8 frilled lizards
  13 kobolds
  A quokka skeleton (D:4)
  7 rats
122 creatures vanquished.

Notes
Turn   | Place    | Note
-------+----------+-------------------------------------------
     0 | D:1      | tv1990 the Formicid Arcane Marksman began the quest for the Orb.
     0 | D:1      | Reached XP level 1. HP: 15/15 MP: 2/2
   201 | D:1      | Reached XP level 2. HP: 17/21 MP: 3/3
   529 | D:1      | Reached skill level 1 in Armour
   529 | D:1      | Reached XP level 3. HP: 18/27 MP: 4/4
   731 | D:1      | Reached skill level 3 in Crossbows
   886 | D:2      | Reached XP level 4. HP: 33/33 MP: 5/5
  1386 | D:2      | Reached XP level 5. HP: 33/39 MP: 6/6
  2202 | D:2      | Found a bloodstained altar of Trog.
  2439 | D:3      | Noticed Leybi's ghost (amateur MfSk)
  2516 | D:3      | Noticed Terence
  2645 | D:2      | Killed Terence
  2645 | D:2      | Reached skill level 4 in Crossbows
  2713 | D:3      | Noticed Sigmund
  2737 | D:3      | Killed Sigmund
  2737 | D:3      | Reached XP level 6. HP: 28/47 MP: 7/7
  3058 | D:4      | Noticed a phantom
  3106 | D:4      | Killed a phantom
  3106 | D:4      | Reached skill level 5 in Crossbows
  3106 | D:4      | Reached XP level 7. HP: 25/54 MP: 8/8
  3277 | D:4      | Found Fenow's Jewellery Boutique.
  4333 | D:4      | Identified the Compendium of Invincibility
  4346 | D:4      | Gained mutation: Your spells are a little harder to cast, but a little more powerful. [potion of mutation]
  4346 | D:4      | Gained mutation: You occasionally shout uncontrollably at your foes. [potion of mutation]
  4346 | D:4      | Gained mutation: You are partially covered in slimy green scales. (AC +2) [potion of mutation]
  4711 | D:4      | Found an iron altar of Okawaru.
  4719 | D:4      | Became a worshipper of Warmaster Okawaru
  4854 | D:4      | Reached skill level 1 in Invocations
  4965 | D:5      | Entered Level 5 of the Dungeon
  5082 | D:5      | Reached XP level 8. HP: 23/61 MP: 8/10
  5285 | D:5      | Noticed Dowan
  5286 | D:5      | Noticed Duvessa
  5310 | D:5      | Killed Duvessa
  5317 | D:5      | Killed Dowan
  5329 | D:5      | HP: 3/61 [poisoned by Dowan]
  5330 | D:5      | HP: 1/61 [poisoned by Dowan]
  5333 | D:5      | Succumbed to Dowan's poison

Skill      XL: |  1  2  3  4  5  6  7  8 |
---------------+-------------------------+-----
Armour         | 1 3 4 |  4.0
Crossbows      | 3 4 5 |  5.8
Fighting       | 2 3 4 |  4.5
Invocations    | 3 4 |  4.8
Dodging        | |  1.7
Spellcasting   | |  1.1
Hexes          | |  3.6

Action                   |  1- 3 |  4- 6 |  7- 9 || total
-------------------------+-------+-------+-------++-------
Melee: Whip              |    19 |   164 |       ||   183
       Flail             |       |    40 |       ||    40
       Trident           |       |    73 |   314 ||   387
 Fire: Hand crossbow     |    53 |    51 |    15 ||   119
 Abil: Dig               |       |     4 |     8 ||    12
  Use: Scroll            |       |     8 |     4 ||    12
       Potion            |       |     2 |    10 ||    12
  Eat: Chunk             |       |     8 |     8 ||    16
Armor: Leather armour    |    16 |    12 |       ||    28
       Plate armour      |       |   242 |   292 ||   534
Dodge: Dodged            |    31 |   124 |   121 ||   276

Table legend:
 A = Turns spent in this place as a percentage of turns spent in the entire game.
 B = Non-inter-level travel turns spent in this place as a percentage of non-inter-level travel turns spent in the entire game.
 C = Inter-level travel turns spent in this place as a percentage of turns spent in this place.
 D = Turns resting spent in this place as a percentage of non-inter-level travel turns spent in this place.
 E = Turns spent auto-exploring this place as a percentage of non-inter-level travel turns spent in this place.
 F = Non-inter-level travel turns spent in this place divided by the number of levels of this place that you've seen.
                   A       B       C       D       E      F
               +-------+-------+-------+-------+-------+----------------------
         Total | 100.0 | 100.0 |   0.2 |   4.2 |  11.3 | 321.6
       Dungeon | 100.0 | 100.0 |   0.2 |   4.2 |  11.3 | 321.6
               +-------+-------+-------+-------+-------+----------------------

Table legend:
 A = Kills in this place as a percentage of kills in entire the game.
 B = Kills by you in this place as a percentage of kills by you in the entire game.
 C = Kills by friends in this place as a percentage of kills by friends in the entire game.
 D = Other kills in this place as a percentage of other kills in the entire game.
 E = Experience gained in this place as a percentage of experience gained in the entire game.
 F = Experience gained in this place divided by the number of levels of this place that you have seen.
                   A       B       C       D       E      F
               +-------+-------+-------+-------+-------+----------------------
         Total | 100.0 | 100.0 |  -nan |  -nan | 100.0 | 265.2
       Dungeon | 100.0 | 100.0 |  -nan |  -nan | 100.0 | 265.2
               +-------+-------+-------+-------+-------+----------------------

Vault maps used:
D:1:      matt_arrival_los_fun, minivault_26, minivault_23
D:2:      wad_pebble_path, marbit_many_paths, first_bread
D:3:      uniq_terence, uniq_sigmund
D:4:      okawaru_altar_gauntlet_db, portal_sewer_entry_b, serial_shops, shop,
          grunt_ministairs_1
D:5:      makhleb_grotto_becter, lemuel_round_altar,
          chequers_temple_overflow_minitemple, nicolae_ossuary_entry_giza,
          uniq_duvessa
